 Dungeon Crawl Stone Soup version 0.30-b1-2-g02819fbbbe (webtiles) character file.

Game seed: 12744544662080797744

451 sking99 the Gusty (level 6, 0/35 HPs)
             Began as a Deep Elf Air Elementalist on Nov 18, 2023.
             Slain by a water moccasin (8 damage)
             ... on level 5 of the Dungeon.
             The game lasted 00:12:26 (4807 turns).

sking99 the Gusty (Deep Elf Air Elementalist)       Turns: 4807, Time: 00:12:27

Health: 0/35       AC:  3    Str:  7    XL:     6   Next: 75%
Magic:  6/12       EV: 13    Int: 20    God:
Gold:   158        SH:  0    Dex: 15    Spells: 1/11 levels left

rFire   . . .        (no weapon)
rCold   . . .        (no shield)
rNeg    . . .        a - +0 robe
rPois   .            (no helmet)
rElec   .            (no cloak)
rCorr   .            o - +0 pair of gloves
SInv    .            (no boots)
Will    .....        (no amulet)
Stlth   ++           (no ring)
HPRegen 0.25/turn    (no ring)
MPRegen 0.13/turn

%: no passive effects
@: brilliant, lethally poisoned (0 -> -8)
A: no striking features
a: no special abilities


You were on level 5 of the Dungeon.
You visited 1 branch of the dungeon, and saw 5 of its levels.

You collected 158 gold pieces.

Inventory:

Missiles
 l - a throwing net
Armour
 a - a +0 robe (worn)
 o - a +0 pair of gloves (worn)
Wands
 n - a wand of flame (29)
Scrolls
 c - a scroll of amnesia {unknown}
 e - 2 scrolls of fog {unknown}
 f - 6 scrolls of identify {unknown}
 g - a scroll of magic mapping {unknown}
 i - a scroll of vulnerability {unknown}
 k - a scroll of summoning {unknown}
 q - a scroll of fear {unknown}
 r - a scroll of teleportation {unknown}
 s - a scroll of enchant armour {unknown}
Potions
 b - a potion of magic
 d - a potion of mutation {unknown}
 h - a potion of degeneration {unknown}
 j - a potion of brilliance
 m - a potion of attraction {unknown}
 p - 2 potions of curing {unknown}
 t - a potion of haste {unknown}


   Skills:
 * Level 2.1 Fighting
 + Level 4.2 Dodging
 - Level 3.0 Stealth
 - Level 3.2 Spellcasting
 + Level 3.3 Conjurations
 + Level 2.7 Translocations
 * Level 4.5 Air Magic


You had one spell level left.
You knew the following spells:

 Your Spells              Type           Power      Damage    Failure   Level
a - Shock                 Conj/Air       100%       1d9       2%          1
b - Blink                 Tloc           42%        N/A       7%          2
c - Vhi's Electric Charg  Tloc/Air       52%        N/A       10%         3
d - Airstrike             Air            16%        2d(3-19)  22%         4

Your spell library contained the following spells:

 Spells                   Type           Power      Damage    Failure   Level
 Beastly Appendage        Tmut           8%         N/A       14%         1
 Static Discharge         Conj/Air       56%        2-5/arc   4%          2
 Swiftness                Air            32%        N/A       6%          3
 Lesser Beckoning         Tloc           42%        N/A       7%          2
 Gell's Gravitas          Tloc           21%        N/A       14%         3
 Teleport Other           Tloc           21%        N/A       14%         3
 Ensorcelled Hibernation  Hex/Ice        8%         N/A       22%         2
 Wereblood                Tmut           4%         N/A       22%         2
 Spider Form              Tmut/Pois      4%         N/A       38%         3
 Summon Guardian Golem    Hex/Summ       4%         N/A       38%         3
 Manifold Assault         Tloc           21%        N/A       41%         4
 Arcjolt                  Conj/Air       14%        1d24      58%         5
 Anguish                  Hex/Necr       2%         N/A       80%         4
 Leda's Liquefaction      Hex/Erth       2%         N/A       80%         4
 Plasma Beam              Fire/Air       9%         2x1d21    100%        6
 Storm Form               Tmut/Air       9%         N/A       100%        7


Dungeon Overview and Level Annotations

Branches:
Dungeon (5/15)
 Temple: D:4-7

Altars:


Message History

Aim: a water moccasin (moderately wounded, 53% to hit)
The zap hits the water moccasin.
The water moccasin is moderately wounded.
The water moccasin barely misses you. x2
Casting: Shock (safe; 2% risk of failure)
Confirm with . or Enter, or press ? or * to list all spells.
Aiming: Shock (safe; 2% risk of failure)
Press: ? - help, Shift-Dir - straight line, f/p - water moccasin
Aim: a water moccasin (moderately wounded, 53% to hit)
The zap misses the water moccasin.
The water moccasin misses you.
Casting: Shock (safe; 2% risk of failure)
Confirm with . or Enter, or press ? or * to list all spells.
Aiming: Shock (safe; 2% risk of failure)
Press: ? - help, Shift-Dir - straight line, f/p - water moccasin
Aim: a water moccasin (moderately wounded, 53% to hit)
The zap misses the water moccasin.
The water moccasin bites you! The water moccasin misses you.
Casting: Shock (safe; 2% risk of failure)
Confirm with . or Enter, or press ? or * to list all spells.
Aiming: Shock (safe; 2% risk of failure)
Press: ? - help, Shift-Dir - straight line, f/p - water moccasin
Aim: a water moccasin (moderately wounded, 53% to hit)
The zap misses the water moccasin.
The water moccasin bites you.
You are lethally poisoned!
The water moccasin poisons you!
Casting: Shock (safe; 2% risk of failure)
Confirm with . or Enter, or press ? or * to list all spells.
Aiming: Shock (safe; 2% risk of failure)
Press: ? - help, Shift-Dir - straight line, f/p - water moccasin
Aim: a water moccasin (moderately wounded, 53% to hit)
The zap misses the water moccasin.
* * * LOW HITPOINT WARNING * * *
You feel very sick.
The water moccasin completely misses you.
It was a potion of brilliance.
You feel clever all of a sudden.
* * * LOW HITPOINT WARNING * * *
You feel sick. The water moccasin barely misses you.
The water moccasin bites you!
You die...

......#..########
#....)).
......'..........
#....... #..........
#....... ######..........
#....[.. #...............
#.....##
#........#########.....#.
#...##...##..#.........#.
######..S#...#.........#.
#...@#...#......†..#.
#....#...'........[#.
###...#..#.........##
#....###########.....
#....# #..... #....#
#..... #....# #####.....
###### #.........
#.........


You could see a water moccasin.

Vanquished Creatures
  A water moccasin (D:5)
  An orc priest (D:5)
  Jessica (D:3)
  2 iguanas
  2 orc wizards (D:5)
  6 adders
  4 gnolls (D:3)
  A river rat (D:4)
  2 worms (D:4)
  8 orcs
  6 ball pythons
  10 endoplasms
  7 giant cockroaches
  4 goblins
  2 hobgoblins
  7 jackals (D:4)
  3 kobolds
  2 quokkas (D:3)
  3 bats
  2 frilled lizards
  7 rats
81 creatures vanquished.

Notes
Turn   | Place    | Note
-------+----------+-------------------------------------------
     0 | D:1      | sking99 the Deep Elf Air Elementalist began the quest for
                  | the Orb.
     0 | D:1      | Reached XP level 1. HP: 10/10 MP: 6/6
   640 | D:1      | Reached XP level 2. HP: 15/15 MP: 5/8
   793 | D:2      | Learned a level 2 spell: Blink
   877 | D:2      | You fall into a shaft and drop 2 floors!
  1157 | D:4      | Reached XP level 3. HP: 19/19 MP: 4/9
  1258 | D:4      | Reached skill level 1 in Translocations
  1328 | D:4      | Learned a level 3 spell: Vhi's Electric Charge
  1480 | D:4      | Reached XP level 4. HP: 24/24 MP: 8/10
  2372 | D:3      | Reached XP level 5. HP: 13/28 MP: 0/11
  2476 | D:3      | Found a faded altar of an unknown god.
  2519 | D:3      | Learned a level 4 spell: Airstrike
  2664 | D:3      | Noticed Jessica
  2680 | D:3      | Killed Jessica
  2681 | D:3      | Reached skill level 1 in Fighting
  3960 | D:2      | Got the Treatise on Noxious Interference
  4266 | D:5      | Entered Level 5 of the Dungeon
  4401 | D:5      | Reached XP level 6. HP: 31/34 MP: 6/12
  4635 | D:5      | Noticed a water moccasin
  4647 | D:5      | Killed a water moccasin
  4792 | D:5      | Noticed a water moccasin
  4807 | D:5      | Slain by a water moccasin

Illustrated notes

Levels and vault maps discovered:
D:1:      tarquinn_simple_flora_water_b, layout_rooms, serial_aquarium,
          aquarium_bridge_square [aquarium_subvault_bridge,
          aquarium_subvault_bridge, aquarium_subvault_bridge,
          aquarium_subvault_wall], aquarium_window_corridor_3,
          aquarium_window_fake, aquarium_window_corner, aquarium_window_fake,
          aquarium_view_2e, aquarium_view_2d, aquarium_balcony_1b,
          aquarium_pool_2, nicolae_concentric_dashed_squares_wild, st_stairs_6
D:2:      layout_basic, hangedman_decor_peaks_small, kennysheep_generic_room_14
D:3:      layout_basic, ebering_ecumenical_altar_sacrificial,
          grunt_decor_mini_mirrors, grunt_decor_junction,
          minmay_increasing_density, uniq_jessica
D:4:      layout_rooms, portal_sewer_entry_b
D:5:      layout_gridville, minmay_temple_entry_proselytizer,
          kennysheep_cross_room

Skill      XL: |  1  2  3  4  5  6 |
---------------+-------------------+-----
Stealth        | 3 |  3.0
Dodging        | 3 4 |  4.2
Conjurations   | 2 3 |  3.3
Translocations | 1 2 |  2.7
Fighting       | 1 2 |  2.1
Air Magic      | 4 |  4.5
Spellcasting   | |  3.2

Action                     |  1- 3 |  4- 6 || total
---------------------------+-------+-------++-------
   Cast: Shock             |    62 |   160 ||   222
         Airstrike         |       |     1 ||     1
    Use: Potion            |       |     1 ||     1
 Armour: Robe              |     1 |     7 ||     8
  Dodge: Dodged            |    12 |    27 ||    39
